 Dungeon Crawl Stone Soup version 0.30-a0-737-gf23d94013f (webtiles) character file.

Game seed: 4719017550238585049

18 kae the Ruffian (level 2, -1/23 HPs)
             Began as a Draconian Transmuter on Feb 1, 2023.
             Slain by a jackal (3 damage)
             ... on level 1 of the Dungeon.
             The game lasted 00:00:23 (227 turns).

kae the Ruffian (Draconian Transmuter)               Turns: 227, Time: 00:00:24

Health: -1/23      AC:  4    Str: 12    XL:     2   Next: 48%
Magic:  5/5        EV: 12    Int: 13    God:
Gold:   14         SH:  0    Dex: 11    Spells: 4/5 levels left

rFire   . . .      SeeInvis .      - Unarmed
rCold   . . .      Faith    .    (no shield)
rNeg    . . .      Spirit   .    (body armour unavailable)
rPois   .          Reflect  .    (helmet currently unavailable)
rElec   .          Harm     .    (no cloak)
rCorr   .          Rampage  .    (no gloves)
Will    .....                    (boots currently unavailable)
Stlth   +                        (no amulet)
HPRegen 0.23/turn                (no ring)
MPRegen 0.09/turn                (no ring)

@: appendages (expiring)
A: horns 2, talons 2, AC +4, unfitting armour, cold-blooded
a: End Transformation


You were on level 1 of the Dungeon.
You had temporarily grown beastly horns and talons.
You visited 1 branch of the dungeon, and saw 1 of its levels.

You collected 14 gold pieces.


Innate Abilities, Weirdness & Mutations

You have temporarily grown beastly horns and talons.
Your plain brown scales are hard. (AC +4)
You cannot fit into any form of body armour.
You are cold-blooded and may be slowed by cold attacks.


   Skills:
 - Level 1.1 Fighting
 - Level 1.7 Dodging
 + Level 3.2 Unarmed Combat
 + Level 2.2 Spellcasting
 * Level 2.6 Transmutations


You had 4 spell levels left.
You knew the following spells:

 Your Spells              Type           Power      Damage    Failure   Level
a - Beastly Appendage     Tmut           16%        N/A       9%          1

Your spell library contained the following spells:

 Spells                   Type           Power      Damage    Failure   Level
 Wereblood                Tmut           8%         N/A       13%         2
 Spider Form              Tmut/Pois      4%         N/A       41%         3
 Ice Form                 Ice/Tmut       4%         N/A       82%         4

Inventory:

Missiles
 b - 3 stones
Potions
 a - a potion of lignification {!q}

Dungeon Overview and Level Annotations

Branches:
Dungeon (1/15) Zot: 5775

Altars:

### #........ ..# #........
..######## #........
.........# #........
#.###....# #........
#.###....# #........
....#....# #........
....#....########h.......
....#...........@†.......
†.†.#.#..........h#######
#.###.#...........#
#.###.#...........#
......#...........#
......#...........#
..................#
#.#####...........##......#
#.##..............##......#


You could see 2 jackals.


Message History

You hit the jackal. The jackal misses you. The jackal closely misses you.
The jackal misses you.
The jackal barely misses you. x2 😕 HP[-5]
You take 5 damage, and now have 18/23 hp.
MASSIVE DAMAGE!! (PAUSE)
The jackal attacks as you move away! The jackal closely misses you.
The quokka bites you but does no damage.
The jackal barely misses you. The jackal closely misses you.
The jackal attacks as you move away! The jackal barely misses you.
Casting: Beastly Appendage (safe; 9% risk of failure)
Confirm with . or Enter, or press ? or * to list all spells.
You grow a pair of large bovine horns.
Your feet morph into talons.
The jackal bites you. The quokka bites you. The jackal closely misses you.
The quokka bites you but does no damage.
The jackal bites you but does no damage.
The quokka barely misses you. 😮 HP[-3] MP[-1]
You take 3 damage, and now have 15/23 hp.
You lost 1 mp, and now have 4/5 mp.
You are too injured to fight recklessly!
You are too injured to fight recklessly!
You are too injured to fight recklessly!
You are too injured to fight recklessly!
You hit the quokka but do no damage. Your kick misses the quokka.
Your headbutt misses the quokka. The jackal closely misses you.
The kobold misses you. The quokka barely misses you.
You are too injured to fight recklessly!
You are too injured to fight recklessly!
Unknown command.
You hit the jackal. The jackal barely misses you.
The kobold closely misses you. The quokka closely misses you.
The jackal closely misses you.
You closely miss the quokka. You claw the quokka.
The kobold hits you with a +0 short sword.
The quokka bites you.
* * * LOW HITPOINT WARNING * * *
The jackal bites you.
* * * LOW HITPOINT WARNING * * *
Unknown command. 😨 HP[-6]
You take 6 damage, and now have 9/23 hp.
MASSIVE DAMAGE!! (PAUSE)
You barely miss the kobold. Your kick misses the kobold.
Your tail-slap misses the kobold.
The jackal completely misses you. The quokka closely misses you.
The kobold hits you but does no damage. 😨 HP[+1] Unknown command.
You hit the kobold but do no damage. Your kick misses the kobold.
Your headbutt misses the kobold.
Your tail-slap misses the kobold.
The jackal bites you.
* * * LOW HITPOINT WARNING * * *
The quokka bites you but does no damage.
The kobold hits you with a +0 short sword.
* * * LOW HITPOINT WARNING * * *
The jackal bites you but does no damage. 😨 HP[-3]
You take 3 damage, and now have 7/23 hp.
You hit the kobold. Your kick misses the kobold. The quokka barely misses you.
The jackal bites you but does no damage.
The kobold barely misses you. The quokka closely misses you.
You barely miss the kobold. Your kick misses the kobold.
Your tail-slap misses the kobold.
You punch the kobold.
You kill the kobold!
The jackal bites you but does no damage.
The quokka misses you.
You completely miss the jackal. You claw the jackal.
Your tail-slap misses the jackal.
The jackal bites you but does no damage.
The jackal closely misses you. The quokka bites you.
* * * LOW HITPOINT WARNING * * *
The jackal closely misses you. The jackal barely misses you. 😱 HP[-2]
You take 2 damage, and now have 5/23 hp.
You hit the jackal.
You kill the jackal!
The jackal barely misses you. The jackal bites you.
* * * LOW HITPOINT WARNING * * *
The quokka barely misses you. 😱 HP[-1]
You take 1 damage, and now have 4/23 hp.
You hit the quokka but do no damage. Your kick misses the quokka.
You headbutt the quokka.
The jackal bites you but does no damage.
The jackal bites you.
* * * LOW HITPOINT WARNING * * *
The quokka twitches its whiskers.
The quokka bites you.
* * * LOW HITPOINT WARNING * * *
😱 HP[-2] MP[+1]
You take 2 damage, and now have 2/23 hp.
Your mp is fully restored (5).
Unknown command.
You closely miss the quokka. You claw the quokka.
You kill the quokka!
The jackal barely misses you. The jackal closely misses you.
You hit the jackal but do no damage.
Your transformation is almost over.
The jackal bites you but does no damage.
The jackal bites you.
You die...

Action                     || total
---------------------------++-------
  Melee: Unarmed           ||    50
         Kick              ||     8
         Headbutt          ||     3
         Punch             ||     2
         Tailslap          ||     1
   Cast: Beastly Appendage ||     8
 Armour: Skin              ||    28
  Dodge: Dodged            ||    61

Levels and vault maps discovered:
D:1:      spicycebolla_arrival_xxxplode, layout_basic

Notes
Turn   | Place    | Note
-------+----------+-------------------------------------------
     0 | D:1      | kae the Draconian Transmuter began the quest for the Orb.
     0 | D:1      | Reached XP level 1. HP: 16/16 MP: 3/3
     0 | D:1      | magus.rc [v1.11.3]
    58 | D:1      | Reached XP level 2. HP: 15/23 MP: 1/5
   223 | D:1      | HP: 5/23 [quokka (2)]
   225 | D:1      | HP: 2/23 [quokka (1)]
   227 | D:1      | Slain by a jackal

Vanquished Creatures
  A bat (D:1)
  2 goblins (D:1)
  A hobgoblin (D:1)
  4 jackals (D:1)
  A quokka (D:1)
  2 ball pythons (D:1)
  2 frilled lizards (D:1)
  2 kobolds (D:1)
  A rat (D:1)
16 creatures vanquished.

Table legend:
 A = Non-vault XP
 B = Vault XP
 C = Vault XP percentage of total XP
 D = Non-vault monster count
 E = Vault monster count
 F = Vault count percentage of total count
                 A         B        C        D         E       F
            +---------+---------+-------+---------+---------+-------
      Total |      26 |       0 |   0.0 |      16 |       0 |   0.0
            +---------+---------+-------+---------+---------+-------
        D:1 |      26 |       0 |   0.0 |      16 |       0 |   0.0
            +---------+---------+-------+---------+---------+-------

Illustrated notes

Table legend:
 A = Kills in this place as a percentage of kills in entire the game.
 B = Kills by you in this place as a percentage of kills by you in the entire game.
 C = Kills by friends in this place as a percentage of kills by friends in the entire game.
 D = Other kills in this place as a percentage of other kills in the entire game.
 E = Experience gained in this place as a percentage of experience gained in the entire game.
 F = Experience gained in this place divided by the number of levels of this place that you have seen.
                   A       B       C       D       E      F
               +-------+-------+-------+-------+-------+----------------------
         Total | 100.0 | 100.0 |   N/A |   N/A | 100.0 |  26.0
       Dungeon | 100.0 | 100.0 |   N/A |   N/A | 100.0 |  26.0
               +-------+-------+-------+-------+-------+----------------------

Table legend: (Time is in decaauts)
 A = Elapsed time spent in this place.
 B = Non-inter-level travel time spent in this place.
 C = Inter-level travel time spent in this place.
 D = Time resting spent in this place.
 E = Time spent auto-exploring this place.
 F = Levels seen in this place.
 G = Mean time per level.
                   A        B        C        D        E       F      G
               +--------+--------+--------+--------+--------+-----+--------+
         Total |    224 |    224 |      0 |      0 |    129 |   1 |  224.0 |
       Dungeon |    224 |    224 |      0 |      0 |    129 |   1 |  224.0 |
               +--------+--------+--------+--------+--------+-----+--------+

Top non-repeatable levels by time:
     D:1: 224 daAuts
